MID
HARTFORD YARD GOATS @ FORT WAYNE TINCAPS
10/02/2046
 
TOP OF THE 1ST
Hartford Yard Goats batting - Pitching for Fort Wayne TinCaps : RHP Mike Guidroz
Pitching: RHP Mike Guidroz
Batting: RHB Elias Urbina 0-0: Foul Ball, location: 2F
0-1: Called Strike
0-2: Strikes out swinging
Batting: LHB Roy Riess 0-0: Called Strike
0-1: Hit by Pitch
Batting: LHB Chris Salim 0-0: Foul Ball, location: 2F
0-1: Swinging Strike
0-2: Ball
Roy Riess is caught stealing 2nd base 2-6
1-2: Ball
2-2: Ball
3-2: Base on Balls
Batting: LHB Eric Ludwig 0-0: Called Strike
0-1: Swinging Strike
0-2: Foul Ball, location: 2F
0-2: Ball
1-2: Strikes out swinging
Top of the 1st over - 0 runs, 0 hits, 0 errors, 1 left on base; Hartford 0 - Fort Wayne 0
BOTTOM OF THE 1ST
Fort Wayne TinCaps batting - Pitching for Hartford Yard Goats : LHP John Mandarino
Pitching: LHP John Mandarino
Batting: RHB Mario Mejia 0-0: Swinging Strike
0-1: Ball
1-1: Ball
2-1: Fly out, F9 (Flyball, 9LD, EV 97.5 MPH)
Batting: RHB Davey Verhoog 0-0: Foul Ball, location: 2F
0-1: Ball
1-1: Ball
2-1: Called Strike
2-2: Ball
3-2: Strikes out swinging
Batting: LHB Hugo MacBeth 0-0: Ball
1-0: Ground out 5-3 (Groundball, 5, EV 101.9 MPH)
Bottom of the 1st over - 0 runs, 0 hits, 0 errors, 0 left on base; Hartford 0 - Fort Wayne 0
TOP OF THE 2ND
Hartford Yard Goats batting - Pitching for Fort Wayne TinCaps : RHP Mike Guidroz
Batting: RHB Bobby Gulsby 0-0: SINGLE (Groundball, 56D, EV 106.9 MPH)
Batting: LHB Chris Raymond 0-0: Fielders Choice at 2nd, 6-4 (Groundball, 6, EV 93.8 MPH)
Batting: RHB Mike Manchester 0-0: Called Strike
0-1: Ball
Chris Raymond steals 2nd base
1-1: Foul Ball, location: 2F
1-2: Strikes out looking
Batting: RHB Chris Kinder 0-0: Ball
1-0: Ground out 5-3 (Groundball, 56S, EV 85.0 MPH)
Top of the 2nd over - 0 runs, 1 hit, 0 errors, 1 left on base; Hartford 0 - Fort Wayne 0
BOTTOM OF THE 2ND
Fort Wayne TinCaps batting - Pitching for Hartford Yard Goats : LHP John Mandarino
Batting: RHB Alex Vasquez 0-0: Ball
1-0: Foul Ball, location: 2F
1-1: Ball
2-1: Foul Ball, location: 2F
2-2: Ground out 6-3 (Groundball, 6, EV 83.8 MPH)
Batting: RHB Min-chin Yi 0-0: Foul Ball, location: 2F
0-1: Swinging Strike
0-2: Ball
1-2: Strikes out swinging
Batting: LHB Ramon Vega 0-0: Called Strike
0-1: Foul Ball, location: 2F
0-2: Ball
1-2: Ball
2-2: Strikes out swinging
Bottom of the 2nd over - 0 runs, 0 hits, 0 errors, 0 left on base; Hartford 0 - Fort Wayne 0
TOP OF THE 3RD
Hartford Yard Goats batting - Pitching for Fort Wayne TinCaps : RHP Mike Guidroz
Batting: LHB Eric Zacher 0-0: Ball
1-0: Ball
2-0: Ground out U3 (Groundball, 3L, EV 105.0 MPH)
Batting: RHB Elias Urbina 0-0: Called Strike
0-1: Foul Ball, location: 2F
0-2: Ball
1-2: Ball
2-2: SINGLE (Line Drive, 8RS, EV 90.6 MPH)
Batting: LHB Roy Riess 0-0: Called Strike
Elias Urbina steals 2nd base (no throw)
0-1: Ball
1-1: SINGLE (Groundball, 3S, EV 75.6 MPH) (infield hit)
Elias Urbina to third
Batting: LHB Chris Salim 0-0: Foul Ball, location: 2F
0-1: Hit by Pitch
Roy Riess to second
Batting: LHB Eric Ludwig 0-0: Grounds into fielders choice 4-2 (Groundball, 34, EV 104.4 MPH)
Roy Riess to third
Chris Salim to second
Batting: RHB Bobby Gulsby 0-0: Ball
1-0: Called Strike
1-1: Ball
Wild Pitch!
Roy Riess scores
Chris Salim to third
Eric Ludwig to second
2-1: Ground out U3 (Groundball, 3, EV 78.8 MPH)
Top of the 3rd over - 1 run, 2 hits, 0 errors, 2 left on base; Hartford 1 - Fort Wayne 0
BOTTOM OF THE 3RD
Fort Wayne TinCaps batting - Pitching for Hartford Yard Goats : LHP John Mandarino
Batting: SHB Yutaro Takahashi 0-0: Called Strike
0-1: Foul Ball, location: 2F
0-2: Foul Ball, location: 2F
0-2: Ball
1-2: Foul Ball, location: 2F
1-2: Fly out, F7 (Flyball, 7LM, EV 95.0 MPH)
Batting: LHB Conor Barron 0-0: Ball
1-0: DOUBLE (Line Drive, 78M, EV 91.2 MPH)
Batting: SHB Harrison McLaughlin 0-0: Called Strike
0-1: Foul Ball, location: 2F
0-2: Strikes out swinging
Batting: RHB Mario Mejia 0-0: Called Strike
0-1: Swinging Strike
0-2: Strikes out swinging
Bottom of the 3rd over - 0 runs, 1 hit, 0 errors, 1 left on base; Hartford 1 - Fort Wayne 0
TOP OF THE 4TH
Hartford Yard Goats batting - Pitching for Fort Wayne TinCaps : RHP Mike Guidroz
Batting: LHB Chris Raymond 0-0: Ball
1-0: Foul Ball, location: 2F
1-1: Ball
2-1: Ball
3-1: Swinging Strike
3-2: Strikes out looking
Batting: RHB Mike Manchester 0-0: Ball
1-0: Called Strike
1-1: Swinging Strike
1-2: Ground out U3 (Groundball, 3S, EV 88.8 MPH)
Batting: RHB Chris Kinder 0-0: Foul Ball, location: 2F
0-1: Called Strike
0-2: Ball
1-2: Ball
2-2: Strikes out swinging
Top of the 4th over - 0 runs, 0 hits, 0 errors, 0 left on base; Hartford 1 - Fort Wayne 0
BOTTOM OF THE 4TH
Fort Wayne TinCaps batting - Pitching for Hartford Yard Goats : LHP John Mandarino
Batting: RHB Davey Verhoog 0-0: Fly out, F4 (Popup, 34S, EV 71.9 MPH)
Batting: LHB Hugo MacBeth 0-0: Called Strike
0-1: Called Strike
0-2: Ball
1-2: Strikes out swinging
Batting: RHB Alex Vasquez 0-0: Foul Ball, location: 2F
0-1: Ball
1-1: Called Strike
1-2: Ball
2-2: Strikes out swinging
Bottom of the 4th over - 0 runs, 0 hits, 0 errors, 0 left on base; Hartford 1 - Fort Wayne 0
TOP OF THE 5TH
Hartford Yard Goats batting - Pitching for Fort Wayne TinCaps : RHP Mike Guidroz
Batting: LHB Eric Zacher 0-0: Ball
1-0: Ball
2-0: Called Strike
2-1: Ground out 4-3 (Groundball, 4S, EV 66.9 MPH)
Batting: RHB Elias Urbina 0-0: Called Strike
0-1: Swinging Strike
0-2: Foul Ball, location: 2F
0-2: Ball
1-2: Foul Ball, location: 2F
1-2: Strikes out swinging
Batting: LHB Roy Riess 0-0: Called Strike
0-1: Ball
1-1: DOUBLE (Groundball, 5L, EV 103.8 MPH)
Batting: LHB Chris Salim 0-0: Foul Ball, location: 2F
0-1: Foul Ball, location: 2F
0-2: Foul Ball, location: 2F
0-2: Ball
1-2: Ground out 1-3 (Groundball, 34S, EV 71.9 MPH)
Top of the 5th over - 0 runs, 1 hit, 0 errors, 1 left on base; Hartford 1 - Fort Wayne 0
BOTTOM OF THE 5TH
Fort Wayne TinCaps batting - Pitching for Hartford Yard Goats : LHP John Mandarino
Batting: RHB Min-chin Yi 0-0: Fly out, F9 (Flyball, 89S, EV 91.2 MPH)
Batting: LHB Ramon Vega 0-0: Called Strike
0-1: SINGLE (Groundball, 34D, EV 108.8 MPH)
Batting: SHB Yutaro Takahashi 0-0: DOUBLE (Line Drive, 7LS, EV 93.8 MPH)
Ramon Vega to third
Batting: LHB Conor Barron 0-0: Ball
1-0: Fly out, F5 (Line Drive, 5, EV 67.5 MPH)
Lined into DP, U5 (Line Drive, 5, EV 68.8 MPH)
Bottom of the 5th over - 0 runs, 2 hits, 0 errors, 1 left on base; Hartford 1 - Fort Wayne 0
TOP OF THE 6TH
Hartford Yard Goats batting - Pitching for Fort Wayne TinCaps : RHP Mike Guidroz
Batting: LHB Eric Ludwig 0-0: Ball
1-0: Ball
2-0: Ball
3-0: Called Strike
3-1: DOUBLE (Flyball, 78XD, EV 101.2 MPH)
Batting: RHB Bobby Gulsby Balk!
Eric Ludwig to third
0-0: Called Strike
0-1: Ball
1-1: Ball
2-1: SINGLE (Groundball, 34D, EV 95.6 MPH)
Eric Ludwig scores
Pitching: RHP David Deon
Batting: LHB Chris Raymond 0-0: Called Strike
0-1: Swinging Strike
0-2: Ball
1-2: Ball
2-2: Strikes out swinging
Batting: RHB Mike Manchester 0-0: Ball
1-0: Swinging Strike
1-1: DOUBLE (Line Drive, 8RD, EV 95.6 MPH)
Bobby Gulsby to third
Batting: RHB Chris Kinder 0-0: Called Strike
0-1: Foul Ball, location: 2F
0-2: Foul Ball, location: 2F
0-2: Ground out 5-3 (Groundball, 56S, EV 66.2 MPH)
Batting: LHB Eric Zacher 0-0: Called Strike
0-1: Foul Ball, location: 2F
0-2: Strikes out swinging
Top of the 6th over - 1 run, 3 hits, 0 errors, 2 left on base; Hartford 2 - Fort Wayne 0
BOTTOM OF THE 6TH
Fort Wayne TinCaps batting - Pitching for Hartford Yard Goats : LHP John Mandarino
Batting: SHB Harrison McLaughlin 0-0: Called Strike
0-1: Called Strike
0-2: Ball
1-2: Strikes out swinging
Batting: RHB Mario Mejia 0-0: Foul Ball, location: 2F
0-1: Foul Ball, location: 2F
0-2: Foul Ball, location: 2F
0-2: Ball
1-2: Fly out, F8 (Line Drive, 8RD, EV 103.8 MPH)
Batting: RHB Davey Verhoog 0-0: Ball
1-0: Ball
2-0: Ground out 4-3 (Groundball, 4, EV 79.4 MPH)
Bottom of the 6th over - 0 runs, 0 hits, 0 errors, 0 left on base; Hartford 2 - Fort Wayne 0
TOP OF THE 7TH
Hartford Yard Goats batting - Pitching for Fort Wayne TinCaps : RHP David Deon
Batting: RHB Elias Urbina 0-0: Ball
1-0: Ball
2-0: Called Strike
2-1: Foul Ball, location: 2F
2-2: Strikes out swinging
Batting: LHB Roy Riess 0-0: Ball
1-0: Ground out 5-3 (Groundball, 5L, EV 92.5 MPH)
Batting: LHB Chris Salim 0-0: Foul Ball, location: 2F
0-1: Ball
1-1: Swinging Strike
1-2: Strikes out looking
Top of the 7th over - 0 runs, 0 hits, 0 errors, 0 left on base; Hartford 2 - Fort Wayne 0
BOTTOM OF THE 7TH
Fort Wayne TinCaps batting - Pitching for Hartford Yard Goats : LHP John Mandarino
Batting: LHB Hugo MacBeth 0-0: Ball
1-0: SINGLE (Flyball, 89S, EV 86.2 MPH)
Batting: RHB Alex Vasquez 0-0: Called Strike
0-1: Grounds into double play, 6-4-3 (Groundball, 6, EV 80.6 MPH)
Batting: RHB Min-chin Yi 0-0: Ball
1-0: Ball
2-0: Ball
3-0: Base on Balls
Batting: LHB Ramon Vega 0-0: Called Strike
0-1: Fly out, F5 (Line Drive, 5, EV 66.2 MPH)
Bottom of the 7th over - 0 runs, 1 hit, 0 errors, 1 left on base; Hartford 2 - Fort Wayne 0
TOP OF THE 8TH
Hartford Yard Goats batting - Pitching for Fort Wayne TinCaps : RHP David Deon
Batting: LHB Eric Ludwig 0-0: Called Strike
0-1: Foul Ball, location: 2F
0-2: Fly out, F5 (Popup, 6, EV 56.2 MPH)
Batting: RHB Bobby Gulsby 0-0: Ball
1-0: Ball
2-0: Called Strike
2-1: Foul Ball, location: 2F
2-2: Strikes out swinging
Batting: LHB Chris Raymond 0-0: Ball
1-0: Ball
2-0: Ball
3-0: Called Strike
3-1: Base on Balls
Batting: RHB Mike Manchester 0-0: Fly out, F7 (Flyball, 7, EV 77.5 MPH)
Top of the 8th over - 0 runs, 0 hits, 0 errors, 1 left on base; Hartford 2 - Fort Wayne 0
BOTTOM OF THE 8TH
Fort Wayne TinCaps batting - Pitching for Hartford Yard Goats : LHP John Mandarino
Now in LF: Elias Urbina
Now in CF: Joe Miller
Batting: SHB Yutaro Takahashi 0-0: Called Strike
0-1: Called Strike
0-2: Ball
1-2: Ball
2-2: Ball
3-2: Base on Balls
Batting: LHB Conor Barron 0-0: Ball
1-0: Swinging Strike
1-1: Ball
2-1: Foul Ball, location: 2F
2-2: Ball
3-2: Reached on error, E6 (Groundball, 6, EV 78.8 MPH)
Yutaro Takahashi to second
Pitching: RHP Luis Castillo
Batting: SHB Harrison McLaughlin 0-0: Sac Bunt to 2R - play at first, batter OUT! 2-3
Yutaro Takahashi to third
Conor Barron to second
Pinch Hitting: LHB Jeremy DiGenova 0-0: Ground out 6-3 (Groundball, 6, EV 77.5 MPH)
Yutaro Takahashi scores
Pinch Hitting: SHB Mike Kirk 0-0: Ball
1-0: Called Strike
1-1: Swinging Strike
1-2: Foul Ball, location: 2F
1-2: Ball
2-2: Ground out 4-3 (Groundball, 4, EV 83.1 MPH)
Bottom of the 8th over - 1 run, 0 hits, 1 error, 1 left on base; Hartford 2 - Fort Wayne 1
TOP OF THE 9TH
Hartford Yard Goats batting - Pitching for Fort Wayne TinCaps : RHP David Deon
Pitching: RHP Dave Waterman
Now at 2B: Rich Justice
Now in LF: Mike Kirk
Batting: RHB Chris Kinder 0-0: Ball
1-0: Called Strike
1-1: Ground out 4-3 (Groundball, 4, EV 87.5 MPH)
Batting: LHB Eric Zacher 0-0: Ball
1-0: Ground out 4-3 (Groundball, 4, EV 78.1 MPH)
Batting: RHB Elias Urbina 0-0: Swinging Strike
0-1: Fly out, F8 (Flyball, 8LD, EV 91.9 MPH)
Top of the 9th over - 0 runs, 0 hits, 0 errors, 0 left on base; Hartford 2 - Fort Wayne 1
BOTTOM OF THE 9TH
Fort Wayne TinCaps batting - Pitching for Hartford Yard Goats : RHP Luis Castillo
Pitching: RHP Vas Karamyshev
Batting: LHB Hugo MacBeth 0-0: Called Strike
0-1: Ball
1-1: Ball
2-1: Ground out 6-3 (Groundball, 6, EV 106.2 MPH)
Batting: RHB Alex Vasquez 0-0: Ball
1-0: Called Strike
1-1: Ball
2-1: Swinging Strike
2-2: Strikes out swinging
Batting: RHB Min-chin Yi 0-0: Called Strike
0-1: Called Strike
0-2: Ball
1-2: Ball
2-2: Strikes out swinging
Bottom of the 9th over - 0 runs, 0 hits, 0 errors, 0 left on base; Hartford 2 - Fort Wayne 1
Tuesday, September 13th , 2022 - OOTP Baseball 23.7 Build 88